 Dungeon Crawl Stone Soup version 0.27.1-33-g824d729ab1 (webtiles) character file.

Game seed: 7411540485198275029

5 lonewolfV2 the Skirmisher (level 1, -7/19 HPs)
             Began as a Draconian Fighter on Dec 16, 2021.
             Killed by an exploding kobold (26 damage)
             ... ignited by their inner flame
             ... on level 1 of the Dungeon.
             The game lasted 00:00:19 (108 turns).

lonewolfV2 the Skirmisher (Draconian Fighter)        Turns: 108, Time: 00:00:19

Health: -7/19      AC:  4    Str: 18    XL:     1   Next: 66%
Magic:  1/1        EV: 10    Int:  8    God:
Gold:   13         SH:  8    Dex: 10    Spells: 0/0 levels left

rFire    . . .     SeeInvis .   a - +0 long sword
rCold    . . .     Faith    .   b - +0 kite shield
rNeg     . . .     Spirit   .   (armour unavailable)
rPois    .         Reflect  .   (helmet restricted)
rElec    .         Harm     .   (no cloak)
rCorr    .         Rampage  .   (no gloves)
Will     .....                  (no boots)
Stlth    +.........             (no amulet)
HPRegen  0.06/turn              (no ring)
MPRegen  0.07/turn              (no ring)

@: no status effects
A: AC +4, unfitting armour, cold-blooded
a: no special abilities


You were on level 1 of the Dungeon.
You visited 1 branch of the dungeon, and saw 1 of its levels.

You collected 13 gold pieces.

Inventory:

Hand Weapons
 a - a +0 long sword (weapon)
Armour
 b - a +0 kite shield (worn)
Scrolls
 d - a scroll of immolation
Potions
 c - a potion of might


   Skills:
 + Level 3.4 Fighting
 + Level 2.0 Long Blades
 + Level 2.8 Dodging
 + Level 3.1 Shields


You couldn't memorise any spells.
You didn't know any spells.
Your spell library was empty.

Dungeon Overview and Level Annotations

Branches:
Dungeon (1/15)

Altars:


Innate Abilities, Weirdness & Mutations

Your plain brown scales are hard. (AC +4)
You cannot fit into any form of body armour.
You are cold-blooded and may be slowed by cold attacks.


Message History

You see here 9 gold pieces.
A quokka is nearby!
A quokka is nearby!
You see here 4 gold pieces.
You hit the quokka.
The quokka is severely wounded.
The quokka misses you.
The quokka bites you but does no damage.
You hit the quokka but do no damage.
Your tail-slap misses the quokka.
The quokka is severely wounded.
You block the quokka's attack. The quokka bites you.
You hit the quokka. You tail-slap the quokka.
You kill the quokka!
You now have 4 gold pieces.
You now have 13 gold pieces (gained 9).
A kobold comes into view. It is wielding a +0 short sword.
A kobold is nearby!
You barely miss the kobold. The kobold closely misses you.
You hit the kobold.
You kill the kobold!
You see here a +0 short sword.
Found 2 scrolls labelled QUUDAVV MUXO.
d - 2 scrolls labelled QUUDAVV MUXO A kobold comes into view.
It is wielding a +0 whip.
A kobold is nearby!
As you read the scroll labelled QUUDAVV MUXO, it crumbles to dust.
The creatures around you are filled with an inner flame!
It was a scroll of immolation.
The kobold shouts!
You barely miss the kobold. You block the kobold's attack. x2
You closely miss the kobold. You block the kobold's attack.
You closely miss the kobold. You block the kobold's attack.
The kobold hits you but does no damage.
You barely miss the kobold. You block the kobold's attack.
You hit the kobold but do no damage. The kobold closely misses you.
You riposte.
You hit the kobold.
The kobold explodes!
The fiery explosion engulfs you!!
Ouch! That really hurt!
You die...

#.# #.#...# #.#
#.# #.#...#####
#.# # #.#.......#
#.# # ..##..###.#
#.# # #####..#
#.# #.# #
#..###.###.######
#...............#
#.####.########.#
#@# #...# #§#
###.# #§# #.# #.#
#.# #.# #.# #.#
#.# ... ### ...


There were no monsters in sight!

Vanquished Creatures
  An endoplasm (D:1)
  A goblin (D:1)
  2 kobolds (D:1)
  A quokka (D:1)
5 creatures vanquished.

Notes
Turn   | Place    | Note
-------+----------+-------------------------------------------
     0 | D:1      | lonewolfV2 the Draconian Fighter began the quest for the
                  | Orb.
     0 | D:1      | Reached XP level 1. HP: 19/19 MP: 1/1
   108 | D:1      | Killed by an exploding kobold... ignited by their inner
                  | flame

Illustrated notes

Levels and vault maps discovered:
D:1:      scummos_arrival_simple_crosswalls, layout_loops_ring,
          shapermc_ecumenical_altar_notcrosses

Action                   || total
-------------------------++-------
Melee: Long sword        ||    15
       Tailslap          ||     2
  Use: Scroll            ||     1
Armor: Skin              ||     3
Dodge: Dodged            ||     7
Block: Kite shield       ||     8
       Rpst.: Long sword ||     3
